 Dungeon Crawl Stone Soup version 0.31-a0-145-g046c7d2549 (webtiles) character file.

Game seed: 17808503607701536472

69230 olmar the Thaumaturge (level 15, -13/115 (119) HPs)
             Began as a Gnoll Warper on June 5, 2023.
             Was an Initiate of Gozag.
             Mangled by a +1 glaive of protection (23 damage)
             ... on level 1 of the Elven Halls.
             The game lasted 01:05:30 (37059 turns).

olmar the Thaumaturge (Gnoll Warper)               Turns: 37059, Time: 01:05:30

HP:   -13/115 (119) AC:  8    Str:  8    XL:     15   Next: 29%
MP:   0/30          EV: 18    Int: 22    God:    Gozag
Gold: 2511          SH:  0    Dex: 19    Spells: 16/36 levels left

rFire   + . .        S - +3 great sword
rCold   + . .        (shield currently unavailable)
rNeg    + . .        v - +2 leather armour "Itrajece" {Str-3 Int+3 Dex+5}
rPois   +            h - +2 hood of the Assassin {Detect Stab+ Stlth++}
rElec   +            Q - scarf {rC+ rF+}
rCorr   .            (no gloves)
SInv    +            (no boots)
Will    +....        g - amulet of guardian spirit
Stlth   +++++++      B - ring of poison resistance
HPRegen 0.39/turn    Y - ring "Zonnef" {rElec rN+ Dex+2 SInv}
MPRegen 0.22/turn

%: guardian spirit
@: lightly drained
A: fangs 1, strong nose, distributed training
a: Renounce Religion, Potion Petition, Call Merchant, Bribe Branch


You were on level 1 of the Elven Halls.
You worshipped Gozag.
Gozag was most pleased with you.
You visited 5 branches of the dungeon, and saw 22 of its levels.
You also visited: Ossuary.

You collected 6776 gold pieces.
You spent 1584 gold pieces at shops.
You paid 2681 gold pieces to Gozag.

Inventory:

Hand Weapons
 e - a +2 dire flail of protection
 S - a +3 great sword (weapon)
Missiles
 d - 4 boomerangs of dispersal
 j - 27 poisoned darts (quivered)
 P - a curare-tipped dart
 T - 10 javelins
 X - 22 boomerangs
Armour
 h - the +2 hood of the Assassin (worn) {Detect Stab+ Stlth++}
   (You bought it in a shop on level 5 of the Dungeon)

   Detect:    It allows the wearer to sense nearby creatures.
   Stab+:     It allows the wearer to make particularly effective stabbing
   attacks against helpless or unaware enemies with any weapon.
   Stlth:     It makes you much more stealthy.
 n - a +0 tower shield
 v - the +2 leather armour "Itrajece" (worn) {Str-3 Int+3 Dex+5}
   (You found it on level 4 of the Dungeon)

   Str:       It affects your strength (-3).
   Int:       It affects your intelligence (+3).
   Dex:       It affects your dexterity (+5).
 y - the +0 leather armour "Eliutud" {Int+2 SInv}
   (You found it on level 4 of the Dungeon)

   Int:       It affects your intelligence (+2).
   SInv:      It lets you see invisible.
 Q - a scarf of resistance (worn)
Jewellery
 g - an amulet of guardian spirit (around neck)
 p - a ring of wizardry
 B - a ring of poison resistance (left hand)
 C - a ring of protection from cold
 L - a ring of ice
 V - a ring of protection from cold
 Y - the ring "Zonnef" (right hand) {rElec rN+ Dex+2 SInv}
   (You acquired it on level 9 of the Dungeon)

   [ring of see invisible]

   Dex:       It affects your dexterity (+2).
   rElec:     It insulates you from electricity.
   rN:        It protects you from negative energy.
   SInv:      It lets you see invisible.
Wands
 f - a wand of acid (1)
 w - a wand of charming (13)
 H - a wand of roots (3)
 U - a wand of polymorph (13)
Scrolls
 k - 6 scrolls of magic mapping
 l - a scroll of enchant weapon
 s - 2 scrolls of amnesia
 u - a scroll of fear
 z - 4 scrolls of teleportation
 A - 2 scrolls of enchant armour
 D - 6 scrolls of fog
 E - 7 scrolls of poison
 F - 5 scrolls of immolation
 G - 2 scrolls of brand weapon
 I - 3 scrolls of noise
 O - a scroll of silence
Potions
 b - a potion of invisibility {unknown}
 i - 3 potions of mutation
 m - 2 potions of cancellation
 o - 3 potions of heal wounds
 q - 2 potions of enlightenment
 r - 3 potions of might {unknown}
 x - a potion of brilliance {unknown}
 J - 3 potions of haste
 M - 2 potions of lignification
 N - 2 potions of magic {unknown}
 R - a potion of resistance {unknown}
 Z - 3 potions of curing
Miscellaneous
 a - a lightning rod (inert)


   Skills:
 + Level 11.3 Fighting
 + Level 10.3 Short Blades
 + Level 10.3 Long Blades
 + Level 10.3 Axes
 + Level 11.3 Maces & Flails
 + Level 10.3 Polearms
 + Level 10.3 Staves
 + Level 10.3 Ranged Weapons
 + Level 10.7 Throwing
 + Level 10.7 Armour
 + Level 11.3 Dodging
 + Level 10.3 Stealth
 + Level 10.3 Shields
 + Level 10.3 Unarmed Combat
 + Level 11.4 Spellcasting
 + Level 8.6 Conjurations
 + Level 8.6 Hexes
 + Level 8.6 Summonings
 + Level 8.6 Necromancy
 + Level 10.3 Translocations
 + Level 8.6 Transmutations
 + Level 8.6 Fire Magic
 + Level 8.6 Ice Magic
 + Level 8.6 Air Magic
 + Level 8.6 Earth Magic
 + Level 8.6 Poison Magic
 + Level 11.2 Invocations
 + Level 10.3 Evocations


You had 16 spell levels left.
You knew the following spells:

 Your Spells              Type           Power      Damage    Failure   Level
a - Blink                 Tloc           100%       N/A       1%          2
b - Vhi's Electric Charg  Tloc/Air       100%       N/A       1%          3
c - Manifold Assault      Tloc           55%        N/A       1%          4
d - Summon Small Mammal   Summ           100%       N/A       1%          1
e - Summon Guardian Gole  Hex/Summ       50%        N/A       1%          3
f - Call Canine Familiar  Summ           50%        N/A       1%          3
g - Dispel Undead         Necr           50%        3d19      1%          4

Your spell library contained the following spells:

 Spells                   Type           Power      Damage    Failure   Level
 Freeze                   Ice            100%       1d10      1%          1
 Kiss of Death            Conj/Necr      100%       2d13      1%          1
 Shock                    Conj/Air       100%       1d9       1%          1
 Slow                     Hex            100%       N/A       1%          1
 Lesser Beckoning         Tloc           100%       N/A       1%          2
 Sublimation of Blood     Necr           50%        N/A       1%          2
 Wereblood                Tmut           50%        N/A       1%          2
 Confusing Touch          Hex            50%        N/A       1%          3
 Ignite Poison            Fire/Tmut/Pois 50%        N/A       1%          3
 Ozocubu's Armour         Ice            50%        N/A       1%          3
 Stone Arrow              Conj/Erth      100%       3d13      1%          3
 Teleport Other           Tloc           55%        N/A       1%          3
 Vampiric Draining        Necr           50%        2d9       1%          3
 Anguish                  Hex/Necr       25%        N/A       1%          4
 Animate Armour           Summ/Erth      100%       N/A       1%          4
 Cause Fear               Hex            25%        N/A       1%          4
 Sticky Flame             Conj/Fire      50%        2d7       1%          4
 Summon Lightning Spire   Summ/Air       50%        N/A       1%          4
 Blade Hands              Tmut           25%        N/A       5%          5
 Enfeeble                 Hex            25%        N/A       86%         7
 Orb of Destruction       Conj           25%        9d9       86%         7
 Ozocubu's Refrigeration  Ice            25%        4d13      86%         7
 Spellforged Servitor     Conj/Summ      25%        N/A       86%         7
 Summon Hydra             Summ           25%        N/A       86%         7
 Ignition                 Fire           25%        3d8       100%        8
 Lehudib's Crystal Spear  Conj/Erth      25%        10d7      100%        8


Dungeon Overview and Level Annotations

Branches:
Dungeon (13/15)            Temple (1/1) D:7            Lair (5/5) D:9
 Shoals (0/4) Lair:3        Snake (0/4) Lair:3        Slime (0/5) Lair:5
    Orc (2/2) D:9             Elf (1/3) Orc:2       Ossuary (visited)
 Vaults: D:13-14

Altars:
Ashenzari
Dithmenos
Elyvilon
Fedhas
Gozag
Hepliaklqana
Kikubaaqudgha
Makhleb
Okawaru
Qazlal
Ru
Trog
Uskayaw
Wu Jian
Xom
Yredelemnul
Zin
The Shining One
Jiyva

Shops:
D:5 *   D:6 *?[![   D:9 ?   D:13 *   Orc:1 *   Orc:2 (=!:

Annotations:
D:11 2 transporters


Innate Abilities, Weirdness & Mutations

You have very sharp teeth.
Your uncanny sense of smell can sniff out nearby items.
Your experience applies equally to all skills.


Message History

The +1 glaive of protection hits you!
Unknown command.
The +1 glaive of protection attacks as you move away!
The +1 glaive of protection hits you!
* * * LOW HITPOINT WARNING * * *
The +1 glaive of protection closely misses you.
The deep elf pyromancer casts a spell at you.
The bolt of fire hits the +1 glaive of protection!
The +1 glaive of protection resists.
The bolt of fire hits you! You resist.
* * * LOW HITPOINT WARNING * * *
Unknown command.
The orc sorcerer gestures at you while chanting.
The bolt of negative energy misses the +1 glaive of protection.
The bolt of negative energy misses you.
The orc high priest barely misses your wolf.
Your wolf misses the +1 glaive of protection.
The +1 glaive of protection hits you from afar!!
* * * LOW HITPOINT WARNING * * *
Your wolf closely misses the +1 glaive of protection.
The orc high priest calls down the wrath of Beogh upon you.
Your wolf struggles to resist.
Your wolf bites the orc high priest.
Your wolf barely misses the orc high priest.
The orc high priest misses your wolf.
There is a staircase back to the Mines here.
Unknown command. [a] - 528 gold - brilliance, magic, heal wounds and berserk rage [b] - 648 gold - resistance, enlightenment, invisibility and might [c] - 130 gold - heal wounds Purchase which effect?
You feel much better.
Your wolf misses the orc high priest.
The orc sorcerer points at you and mumbles some strange words.
The bolt of negative energy misses your wolf.
The bolt of negative energy hits the +1 glaive of protection.
The +1 glaive of protection completely resists.
The bolt of negative energy hits you! You partially resist.
You feel drained.
* * * LOW HITPOINT WARNING * * *
The +1 glaive of protection hits you from afar!!
You die...
Your body crumbles into a pile of gold.

#...##e.##
#...#....#
#.e.#...=#
#.oo#E...#
#.h.#.?..#
#...#E...#
#.(.##.°##
#...# .°.
#.@.# .
#...#
#####


You could see an orc high priest (ally target), an earth elemental, a deep elf
pyromancer, an orc sorcerer, a +1 glaive of protection and a friendly wolf
(summoned).

Vanquished Creatures
  Harold (Lair:2)
  Erolcha (D:10)
  A hydra (Lair:4)
  A catoblepas (Lair:2)
  2 boulder beetles
  2 two-headed ogres (D:8)
  3 orc high priests (Orc:2)
  3 skysharks
  A swamp dragon (Lair:1)
  3 orc knights
  5 orc sorcerers
  A cyclops (D:12)
  An ugly thing (D:13)
  24 elephants
  A manticore (D:12)
  4 black mambas
  A merfolk siren (Lair:3)
  22 cane toads
  Joseph (D:7)
  2 torpor snails
  An unseen horror (D:11)
  4 komodo dragons
  4 rime drakes
  A kobold demonologist (D:9)
  7 trolls
  A polar bear (Lair:4)
  2 tyrant leeches (Lair:5)
  16 blink frogs
  A slime creature (Lair:4)
  3 basilisks
  A vampire (D:11)
  6 wyverns
  A shadow (D:12)
  39 yaks
  A steam dragon (D:8)
  4 wargs (D:11)
  Edmund (D:5)
  12 vampire mosquitoes
  An acid dragon (D:11)
  2 nagas (Lair:3)
  11 water moccasins
  A swamp drake (Lair:1)
  2 hornet zombies (Ossuary)
  24 orc warriors
  2 sky beasts (D:7)
  3 ice beasts
  6 black bears
  26 wolves
  5 ogres
  4 centaurs
  2 phantoms
  5 kobold brigands
  17 bullfrogs
  A gnoll sergeant (D:6)
  6 scorpions
  8 wights
  3 water moccasin zombies (Ossuary)
  4 killer bees (D:7)
  3 electric eels
  3 howler monkeys
  A crimson imp (D:9)
  5 bullfrog zombies (Ossuary)
  20 orc priests
  9 jellies
  3 hounds
  3 iguanas
  A sleepcap (D:7)
  32 orc wizards
  A killer bee zombie (Ossuary)
  16 mummies
  2 howler monkey zombies (Ossuary)
  14 gnolls
  12 adders
  A shadow imp (D:8)
  A white imp (D:5)
  An ufetubus (D:6)
  3 worms
  2 dart slugs
  100 orcs
  21 endoplasms
  2 giant cockroaches
  4 goblins
  7 hobgoblins
  A quokka (D:3)
  3 ball pythons
  7 bats
  5 frilled lizards
  14 kobolds
  4 rats
619 creatures vanquished.

Vanquished Creatures (collateral kills)
  A two-headed ogre (Orc:2)
  An orc high priest (Orc:2)
  2 orc knights
  4 elephants
  2 cane toads
  A tyrant leech (Lair:5)
  2 blink frogs
  3 yaks
  2 vampire mosquitoes (Lair:5)
  2 water moccasins (Lair:2)
  4 orc warriors
  2 wolves
  4 bullfrogs
  An orc priest (Orc:2)
  A jelly (Lair:5)
  3 orcs (Orc:1)
  5 kobolds (D:9)
40 creatures vanquished.

Vanquished Creatures (others)
  A hydra (Lair:2)
  A wizard (D:9)
  A polar bear (Lair:2)
  3 blink frogs (Lair:1)
  A wyvern (Lair:1)
  A basilisk (Lair:2)
  5 yaks (Lair:2)
  A vampire mosquito (Lair:1)
  2 wolves (Lair:2)
  A bullfrog (Lair:1)
  2 orc wizards (Orc:2)
  An orc (Orc:2)
  3 kobolds (D:9)
23 creatures vanquished.

Grand Total: 682 creatures vanquished

Notes
Turn   | Place    | Note
-------+----------+-------------------------------------------
     0 | D:1      | olmar the Gnoll Warper began the quest for the Orb.
     0 | D:1      | Reached XP level 1. HP: 20/20 MP: 6/6
   431 | D:1      | Reached XP level 2. HP: 26/26 MP: 7/7
   473 | D:1      | Learned a level 2 spell: Blink
   603 | D:1      | Found a faded altar of an unknown god.
   862 | D:2      | Reached skill level 5 in Spellcasting
   862 | D:2      | Reached XP level 3. HP: 31/31 MP: 7/9
   961 | D:2      | Reached skill level 1 in Invocations
  1047 | D:2      | Reached skill level 1 in Short Blades
  1047 | D:2      | Reached skill level 1 in Long Blades
  1047 | D:2      | Reached skill level 1 in Axes
  1047 | D:2      | Reached skill level 1 in Polearms
  1047 | D:2      | Reached skill level 1 in Staves
  1047 | D:2      | Reached skill level 1 in Ranged Weapons
  1047 | D:2      | Reached skill level 1 in Stealth
  1047 | D:2      | Reached skill level 1 in Shields
  1047 | D:2      | Reached skill level 1 in Unarmed Combat
  1047 | D:2      | Reached skill level 1 in Evocations
  1169 | D:2      | Reached XP level 4. HP: 28/38 MP: 11/11
  1723 | D:3      | Reached skill level 1 in Conjurations
  1723 | D:3      | Reached skill level 1 in Hexes
  1723 | D:3      | Reached skill level 1 in Summonings
  1723 | D:3      | Reached skill level 1 in Necromancy
  1723 | D:3      | Reached skill level 1 in Transmutations
  1723 | D:3      | Reached skill level 1 in Fire Magic
  1723 | D:3      | Reached skill level 1 in Ice Magic
  1723 | D:3      | Reached skill level 1 in Air Magic
  1723 | D:3      | Reached skill level 1 in Earth Magic
  1723 | D:3      | Reached skill level 1 in Poison Magic
  1727 | D:3      | Learned a level 3 spell: Vhi's Electric Charge
  1834 | D:3      | Found a blossoming altar of Fedhas.
  2479 | D:3      | Reached XP level 5. HP: 40/43 MP: 12/12
  2485 | D:3      | Reached skill level 5 in Fighting
  2485 | D:3      | Reached skill level 5 in Maces & Flails
  2485 | D:3      | Reached skill level 5 in Dodging
  2485 | D:3      | Reached XP level 6. HP: 44/51 MP: 2/14
  2828 | D:4      | Learned a level 4 spell: Manifold Assault
  2966 | D:4      | Identified the +2 leather armour "Itrajece" {Str-3 Int+3
                  | Dex+5}
  3103 | D:4      | Identified the +0 leather armour "Eliutud" {Int+2 SInv}
  3313 | D:4      | Reached XP level 7. HP: 20/56 MP: 9/15
  3717 | D:5      | Entered Level 5 of the Dungeon
  3742 | D:5      | Noticed Edmund
  3788 | D:5      | Killed Edmund
  4541 | D:5      | Found Cuyddita's General Store.
  4603 | D:6      | Found Lofeivura's Assorted Antiques.
  4622 | D:6      | Reached XP level 8. HP: 28/63 MP: 8/16
  4649 | D:6      | Found Eppuq's Magic Scroll Boutique.
  4656 | D:6      | Bought a scroll of fog for 48 gold pieces
  4656 | D:6      | Bought a scroll of poison for 48 gold pieces
  4656 | D:6      | Bought a scroll of immolation for 48 gold pieces
  4656 | D:6      | Bought a scroll of brand weapon for 114 gold pieces
  4676 | D:6      | Found a sand-covered staircase.
  4692 | Ossuary  | Entered an ossuary
  5247 | Ossuary  | Reached XP level 9. HP: 65/69 MP: 15/18
  5558 | D:6      | Found Riwaowna's Distillery.
  5642 | D:6      | Reached skill level 5 in Throwing
  5642 | D:6      | Reached skill level 5 in Armour
  5852 | D:6      | Got Casting for Learners
  6192 | D:6      | Found Topn's Armour Shoppe.
  6278 | D:6      | Found Hihip's Armour Emporium.
  6409 | D:7      | Noticed Joseph
  6529 | D:7      | Killed Joseph
  6530 | D:7      | Reached skill level 5 in Invocations
  7164 | D:7      | Found a staircase to the Ecumenical Temple.
  7170 | D:7      | Reached skill level 5 in Short Blades
  7170 | D:7      | Reached skill level 5 in Long Blades
  7170 | D:7      | Reached skill level 5 in Axes
  7170 | D:7      | Reached skill level 5 in Polearms
  7170 | D:7      | Reached skill level 5 in Staves
  7170 | D:7      | Reached skill level 5 in Ranged Weapons
  7170 | D:7      | Reached skill level 5 in Stealth
  7170 | D:7      | Reached skill level 5 in Shields
  7170 | D:7      | Reached skill level 5 in Unarmed Combat
  7170 | D:7      | Reached skill level 5 in Evocations
  7171 | Temple   | Entered the Ecumenical Temple
  7210 | Temple   | Became a worshipper of Gozag Ym Sagoz the Greedy
  7263 | D:7      | Reached XP level 10. HP: 61/77 MP: 4/20
  8255 | D:8      | Noticed a two-headed ogre
  8271 | D:8      | Killed a two-headed ogre
  9077 | D:8      | Noticed a two-headed ogre
  9093 | D:8      | Killed a two-headed ogre
  9204 | D:8      | Found a glowing silver altar of Zin.
  9284 | D:8      | Learned a level 1 spell: Summon Small Mammal
  9749 | D:6      | Bought a scroll of identify for 24 gold pieces
  9749 | D:6      | Bought a scroll of identify for 24 gold pieces
  9749 | D:6      | Bought a scroll of identify for 24 gold pieces
  9749 | D:6      | Bought a scroll of identify for 24 gold pieces
 10734 | D:9      | Found a staircase to the Orcish Mines.
 10980 | D:9      | Noticed a wizard
 10992 | D:9      | Killed a wizard
 10993 | D:9      | Reached skill level 5 in Conjurations
 10993 | D:9      | Reached skill level 5 in Hexes
 10993 | D:9      | Reached skill level 5 in Summonings
 10993 | D:9      | Reached skill level 5 in Necromancy
 10993 | D:9      | Reached skill level 5 in Transmutations
 10993 | D:9      | Reached skill level 5 in Fire Magic
 10993 | D:9      | Reached skill level 5 in Ice Magic
 10993 | D:9      | Reached skill level 5 in Air Magic
 10993 | D:9      | Reached skill level 5 in Earth Magic
 10993 | D:9      | Reached skill level 5 in Poison Magic
 10993 | D:9      | Reached XP level 11. HP: 36/85 MP: 8/22
 11522 | D:9      | Found a staircase to the Lair.
 12509 | D:9      | Found Pogh's Magic Scroll Shoppe.
 12657 | D:10     | Entered Level 10 of the Dungeon
 12727 | D:10     | Noticed Erolcha
 12951 | D:9      | Identified a scroll of acquirement
 13053 | D:9      | Acquired the ring "Zonnef" {rElec rN+ Dex+2 SInv}
 13435 | Lair:1   | Entered Level 1 of the Lair of Beasts
 14732 | Lair:1   | Learned a level 3 spell: Summon Guardian Golem
 14786 | Lair:1   | Noticed a swamp dragon
 14796 | Lair:1   | Killed a swamp dragon
 15332 | Lair:1   | Reached XP level 12. HP: 66/94 MP: 17/24
 15970 | Lair:1   | Learned a level 3 spell: Call Canine Familiar
 16697 | D:5      | Bought the +2 hood of the Assassin {Detect Stab+ Stlth++}
                  | for 840 gold pieces
 16697 | D:5      | Found the +2 hood of the Assassin {Detect Stab+ Stlth++}
 16697 | D:5      | Bought a potion of heal wounds for 70 gold pieces
 17637 | Lair:2   | Learned a level 4 spell: Dispel Undead
 17759 | Lair:2   | Noticed a four-headed hydra
 17772 | Lair:2   | Killed a six-headed hydra
 18187 | Lair:2   | Noticed a boulder beetle
 18274 | Lair:2   | Killed a boulder beetle
 18413 | Lair:2   | Noticed a catoblepas
 18768 | Lair:2   | Noticed Harold
 18782 | Lair:2   | Noticed a catoblepas
 19648 | Lair:2   | Killed a catoblepas
 19668 | Lair:2   | Reached XP level 13. HP: 101/101 MP: 18/26
 19854 | Lair:2   | Identified the +6 chain mail "Orum" {Int+6}
 19985 | Lair:2   | Killed Harold
 20492 | Lair:2   | HP: 4/101 [catoblepas (23)]
 22157 | Lair:3   | Reached skill level 10 in Spellcasting
 22459 | Lair:3   | Found a staircase to the Shoals.
 22819 | Lair:3   | Found a staircase to the Snake Pit.
 23863 | Lair:4   | Reached skill level 10 in Fighting
 23863 | Lair:4   | Reached skill level 10 in Maces & Flails
 23863 | Lair:4   | Reached skill level 10 in Dodging
 25178 | Lair:4   | Reached XP level 14. HP: 109/110 MP: 26/28
 25184 | Lair:4   | Reached skill level 10 in Invocations
 26094 | Orc:1    | Entered Level 1 of the Orcish Mines
 26772 | Orc:1    | Found Sadgh's Superlative Supplies.
 26791 | Orc:1    | Bought a scarf of resistance for 320 gold pieces
 27083 | Orc:2    | Entered Level 2 of the Orcish Mines
 27926 | Orc:2    | Found a staircase to the Elven Halls.
 29096 | D:10     | Killed Erolcha
 29894 | D:11     | Reached skill level 10 in Throwing
 29894 | D:11     | Reached skill level 10 in Armour
 30682 | D:11     | Found a transporter.
 30684 | D:11     | Found a transporter.
 33141 | Lair:5   | Entered Level 5 of the Lair of Beasts
 33222 | Lair:5   | Reached skill level 10 in Translocations
 33257 | Lair:5   | HP: 4/111 [cane toad (17)]
 33318 | Lair:5   | Reached skill level 10 in Short Blades
 33318 | Lair:5   | Reached skill level 10 in Long Blades
 33318 | Lair:5   | Reached skill level 10 in Axes
 33318 | Lair:5   | Reached skill level 10 in Polearms
 33318 | Lair:5   | Reached skill level 10 in Staves
 33318 | Lair:5   | Reached skill level 10 in Ranged Weapons
 33318 | Lair:5   | Reached skill level 10 in Stealth
 33318 | Lair:5   | Reached skill level 10 in Shields
 33318 | Lair:5   | Reached skill level 10 in Unarmed Combat
 33318 | Lair:5   | Reached skill level 10 in Evocations
 33829 | Lair:5   | Reached XP level 15. HP: 101/118 MP: 21/30
 34477 | Lair:5   | Found a staircase to the Slime Pits.
 34477 | Lair:5   | Found a viscous altar of Jiyva.
 36908 | Orc:2    | Found Neizok's Jewellery Shoppe.
 36908 | Orc:2    | Found Geeqem's Antique Weapon Shop.
 36914 | Orc:2    | Found Asenutwe's Book Shoppe.
 36914 | Orc:2    | Found Qushevvir's Distillery.
 37045 | Elf:1    | Entered Level 1 of the Elven Halls
 37059 | Elf:1    | Mangled by a +1 glaive of protection

Illustrated notes

Levels and vault maps discovered:
D:1:      onia_arrival_pentagram, layout_basic, serial_curves, eino_curves_01,
          eino_curves_02, eino_curves_02, eino_curves_02,
          ebering_ecumenical_altar_mist
D:2:      layout_loops_ring, kennysheep_generic_room_15
D:3:      layout_basic, fedhas_altar_1
D:4:      layout_gridville, kennysheep_generic_room_5
D:5:      layout_basic, serial_shops, nicolae_shop_window_shopping, uniq_edmund
D:6:      layout_loops_cross, serial_shops, nicolae_shop_back_alley_shop,
          nicolae_stop_n_shop_1, shop, nicolae_square_shop, shop,
          gup_ossuary_entry_pyramid
D:7:      layout_basic, minmay_temple_entry_ruins, mrwooster_statue_mirror,
          uniq_joseph
D:8:      layout_basic, zin_treasury
D:9:      layout_small_grid, david_lair_generic, hiddenorc2_lemuel,
          serial_shops, kennysheep_mini_moat, lightli_wizard_tower
D:10:     layout_irregular_city, minivault_24, uniq_erolcha
D:11:     gammafunk_beogh_shrine, layout_loops_corners, nooodl_orcs_dogs
D:12:     layout_gridville
D:13:     layout_stronghold, serial_shops, shop, shop, nicolae_shop_rolled_up,
          minmay_misc_feat_chi, nicolae_wwwww, serial_bayou_crossing
Temple:   nicolae_temple_bog_church
Lair:1:   layout_cave_pods, pond
Lair:2:   nzn_winding_woodlands_stair_cross [nzn_winding_woodlands_5x15_pool,
          nzn_winding_woodlands_center_diamonds,
          nzn_winding_woodlands_5x15_longhouse,
          nzn_winding_woodlands_5x5_open_star, nzn_winding_woodlands_5x5_cross,
          nzn_winding_woodlands_5x15_jagged, nzn_winding_woodlands_center_lodge,
          nzn_winding_woodlands_5x15_twine], layout_small_grid, uniq_harold
Lair:3:   layout_cave_pods, elwin_shoals_entry_rooms,
          guppyfry_snake_entry_garden
Lair:4:   lemuel_slime, layout_layer_cave
Lair:5:   minmay_lair_end_frog_pond, layout_regular_city,
          nicolae_slime_entry_field_trip
Orc:1:    layout_caves, nicolae_alphabet_shops
Orc:2:    grunt_orc_tribal_feast, layout_caves, nicolae_orc_flooded_monolith
Elf:1:    nicolae_elf_arrival_no_cutting_in_line, layout_loops_cross

Skill      XL: |  1  2  3  4  5  6  7  8  9 10 11 12 13 14 15 |
---------------+----------------------------------------------+-----
Spellcasting   | 5 6 7 8 9 10 11 | 11.4
Invocations    | 1 2 3 4 5 6 7 8 9 10 11 | 11.2
Short Blades   | 1 2 3 5 6 7 8 9 10 | 10.3
Long Blades    | 1 2 3 5 6 7 8 9 10 | 10.3
Axes           | 1 2 3 5 6 7 8 9 10 | 10.3
Polearms       | 1 2 3 5 6 7 8 9 10 | 10.3
Staves         | 1 2 3 5 6 7 8 9 10 | 10.3
Ranged Weapons | 1 2 3 5 6 7 8 9 10 | 10.3
Stealth        | 1 2 3 5 6 7 8 9 10 | 10.3
Shields        | 1 2 3 5 6 7 8 9 10 | 10.3
Unarmed Combat | 1 2 3 5 6 7 8 9 10 | 10.3
Evocations     | 1 2 3 5 6 7 8 9 10 | 10.3
Conjurations   | 1 2 3 4 5 6 7 8 |  8.6
Hexes          | 1 2 3 4 5 6 7 8 |  8.6
Summonings     | 1 2 3 4 5 6 7 8 |  8.6
Necromancy     | 1 2 3 4 5 6 7 8 |  8.6
Transmutations | 1 2 3 4 5 6 7 8 |  8.6
Fire Magic     | 1 2 3 4 5 6 7 8 |  8.6
Ice Magic      | 1 2 3 4 5 6 7 8 |  8.6
Air Magic      | 1 2 3 4 5 6 7 8 |  8.6
Earth Magic    | 1 2 3 4 5 6 7 8 |  8.6
Poison Magic   | 1 2 3 4 5 6 7 8 |  8.6
Throwing       | 3 4 5 6 7 8 9 10 | 10.7
Armour         | 3 4 5 6 7 8 9 10 | 10.7
Fighting       | 5 6 7 8 9 10 11 | 11.3
Maces & Flails | 5 6 7 8 9 10 11 | 11.3
Dodging        | 5 6 7 8 9 10 11 | 11.3
Translocations | 6 7 8 9 10 | 10.3

Action                     |  1- 3 |  4- 6 |  7- 9 | 10-12 | 13-15 || total
---------------------------+-------+-------+-------+-------+-------++-------
  Melee: Mace              |    91 |    73 |       |       |       ||   164
         Bite              |     6 |     6 |    58 |    81 |   129 ||   280
         Hand axe          |       |    34 |    78 |   171 |       ||   283
         Punch             |       |     2 |       |     2 |       ||     4
         Dire flail        |       |       |   405 |       |     7 ||   412
         Great sword       |       |       |       |   465 |  1014 ||  1479
  Throw: Boomerang         |       |     1 |     1 |    24 |    20 ||    46
         Dart              |       |       |     7 |    45 |   114 ||   166
         Throwing net      |       |       |     2 |     1 |     1 ||     4
         Javelin           |       |       |       |     3 |     7 ||    10
   Cast: Vhi's Electric Ch |       |     3 |     4 |     7 |    11 ||    25
         Blink             |       |       |     3 |    20 |    18 ||    41
         Manifold Assault  |       |       |     4 |    14 |    59 ||    77
         Summon Small Mamm |       |       |       |    49 |   121 ||   170
         Summon Guardian G |       |       |       |    11 |    15 ||    26
         Call Canine Famil |       |       |       |    12 |    52 ||    64
 Invoke: Potion Petition   |       |       |       |     1 |     3 ||     4
         Call Merchant     |       |       |       |       |     1 ||     1
  Evoke: Wand              |       |     3 |     6 |    11 |    10 ||    30
         Lightning rod     |       |       |       |       |    15 ||    15
    Use: Scroll            |       |     3 |     4 |    16 |     6 ||    29
         Potion            |       |       |     1 |     9 |     7 ||    17
   Stab: Sleeping          |       |     2 |     3 |    10 |    22 ||    37
         Held in net/web   |       |       |     2 |     2 |       ||     4
         Distracted        |       |       |     1 |    10 |    16 ||    27
         Petrified         |       |       |       |     1 |       ||     1
 Armour: Leather armour    |    27 |    32 |   137 |   193 |   243 ||   632
  Dodge: Dodged            |    66 |    81 |   329 |   654 |   971 ||  2101
  Block: Buckler           |       |       |       |    51 |       ||    51

Table legend: (Time is in decaauts)
 A = Elapsed time spent in this place.
 B = Non-inter-level travel time spent in this place.
 C = Inter-level travel time spent in this place.
 D = Time resting spent in this place.
 E = Time spent auto-exploring this place.
 F = Levels seen in this place.
 G = Mean time per level.
                   A        B        C        D        E       F      G
               +--------+--------+--------+--------+--------+-----+--------+
         Total |  37510 |  35893 |   1617 |  11902 |  17476 |  23 | 1630.9 |
       Dungeon |  17134 |  16101 |   1033 |   3551 |   9642 |  13 | 1318.0 |
        Temple |     71 |     53 |     18 |      0 |     38 |   1 |   71.0 |
          Lair |  15387 |  14935 |    452 |   6027 |   6424 |   5 | 3077.4 |
  Orcish Mines |   4159 |   4046 |    113 |   2204 |   1058 |   2 | 2079.5 |
   Elven Halls |     14 |     14 |      0 |      0 |      0 |   1 |   14.0 |
       Ossuary |    744 |    744 |      0 |    119 |    312 |   1 |  744.0 |
               +--------+--------+--------+--------+--------+-----+--------+

Top non-repeatable levels by time:
  Lair:2: 4347 daAuts
  Lair:1: 3674 daAuts
     D:9: 3000 daAuts
  Lair:4: 2738 daAuts
  Lair:3: 2388 daAuts
   Orc:2: 2298 daAuts
  Lair:5: 2237 daAuts
   Orc:1: 1860 daAuts
     D:8: 1706 daAuts
     D:7: 1663 daAuts
    D:11: 1554 daAuts
     D:4: 1363 daAuts
    D:12: 1306 daAuts
     D:6: 1237 daAuts
     D:5: 1185 daAuts
